 Dungeon Crawl Stone Soup version 0.22-a0-482-g76e0a5f (webtiles) character file.

2554 Gildeon the Magician (level 9, -2/62 HPs)
             Began as a Demigod Fire Elementalist on June 17, 2018.
             Slain by a purple ugly thing (5 damage)
             ... on level 10 of the Dungeon.
             The game lasted 00:46:25 (7541 turns).

Gildeon the Magician (Demigod Fire Elementalist)    Turns: 7541, Time: 00:46:26

Health: -2/62      AC:  7    Str: 15    XL:     9   Next: 9%
Magic:  13/20      EV: 12    Int: 21    God:
Gold:   269        SH:  0    Dex: 16    Spells: 3/18 levels left

rFire    . . .     SeeInvis .   e - +3 short sword (speed)
rCold    . . .     Gourm    .   (no shield)
rNeg     . . .     Faith    .   a - +1 robe
rPois    +         Spirit   .   o - +0 helmet
rElec    .         Reflect  .   (no cloak)
rCorr    .         Harm     .   v - +0 pair of gloves
MR       .....                  (no boots)
Stlth    ++........             (no amulet)
HPRegen  0.20/turn              x - ring of poison resistance
MPRegen  0.17/turn              C - ring of wizardry

@: very slightly contaminated, slowed, drained, very slow
A: hooves 1, slimy green scales 1, blurry vision 1, high mp 1
a: no special abilities


You were on level 10 of the Dungeon.
You were not hungry.

You visited 1 branch of the dungeon, and saw 10 of its levels.

You collected 269 gold pieces.

Inventory:

Hand Weapons
 e - a +3 short sword of speed (weapon)
 B - a +0 dagger of draining
Missiles
 f - 74 stones
 n - 2 throwing nets (quivered)
Armour
 a - a +1 robe (worn)
 o - a +0 helmet (worn)
 v - a +0 pair of gloves (worn)
 A - the +0 ring mail "Izxyuch" {Regen+}
   (You took it off an orc on level 8 of the Dungeon)

   It increases your rate of regeneration.
Jewellery
 i - an uncursed ring of see invisible {unknown}
 u - an uncursed ring of ice
 x - a ring of poison resistance (left hand)
 C - a ring of wizardry (right hand)
Wands
 d - a wand of iceblast (31)
 w - a wand of flame (18)
 y - a wand of acid (2)
Scrolls
 b - 5 scrolls of teleportation
 k - 2 scrolls of remove curse
 m - a scroll of fog
 t - 3 scrolls of fear
Potions
 g - a potion of heal wounds
 h - 2 potions of flight
 j - a potion of ambrosia
 l - a potion of degeneration {unknown}
 p - a potion of curing {unknown}
 q - a potion of brilliance {unknown}
 r - 2 potions of might {unknown}
 s - 2 potions of haste {unknown}
 z - 2 potions of resistance {unknown}
 D - a potion of invisibility {unknown}
Comestibles
 c - 7 rations


   Skills:
 - Level 1.7(0.8) Dodging
 - Level 1.7(0.8) Stealth
 - Level 5.1(4.1) Spellcasting
 - Level 5.0(4.0) Conjurations
 - Level 5.0(4.0) Hexes
 + Level 3.7(2.7) Transmutations
 - Level 5.0(4.0) Fire Magic
 + Level 4.1(3.2) Earth Magic
 + Level 0.0 Evocations


You had 3 spell levels left.
You knew the following spells:

 Your Spells              Type           Power        Failure   Level  Hunger
a - Flame Tongue          Conj/Fire      ###..        1%          1    None
b - Throw Flame           Conj/Fire      ###...       1%          2    #......
c - Conjure Flame         Conj/Fire      ###.....     2%          3    ###....
d - Inner Flame           Hex/Fire       ###.....     2%          3    ###....
e - Sandblast             Erth           ###...       1%          1    None
f - Passwall              Tmut/Erth      ###.....     2%          2    #......
g - Stone Arrow           Conj/Erth      ###...       3%          3    ###....

Your spell library contained the following spells:

 Spells                   Type           Power        Failure   Level  Hunger
 Fireball                 Conj/Fire      ###.......   24%         5    ######.
 Sticky Flame             Conj/Fire      ###.....     9%          4    ####...
 Lee's Rapid Deconstruct  Erth           ###.......   32%         5    ######.
 Petrify                  Tmut/Erth      ###.....     14%         4    ####...


Dungeon Overview and Level Annotations

Branches:
Dungeon (11/15)            Temple (0/1) D:5
   Lair: D:8-11         Orc: D:9-12

Shops:
D:11 %

Annotations:
D:3 2 transporters
D:11 Josephine


Innate Abilities, Weirdness & Mutations

You have an increased reservoir of magic. (+10% MP)
You have large cloven feet.
You are partially covered in slimy green scales. (AC +2)
Scrolls take you a little longer to read.


Message History

Found a stone staircase leading up.
You feel sick.
The red ugly thing basks in your mutagenic energy and changes!
Josephine grins evilly.
You feel sick.
The purple ugly thing closely misses you.
There is a stone staircase leading up here.
The wraith hits you! The wraith drains your vigour!
You feel yourself slow down.
The purple ugly thing closely misses you.
You climb upwards.
You feel sick.
You are no longer poisoned.
There is a stone staircase leading down here.
Unknown command.
Really read with blurry vision while enemies are nearby?
The wraith closely misses you. The purple ugly thing stings you!
* * * LOW HITPOINT WARNING * * *
You begin reading the scroll.
You continue reading the scroll.
The wraith hits you but does no damage. The purple ugly thing stings you.
You die... ###### +.u@W# ######

You could see a purple ugly thing and a wraith.

Vanquished Creatures
  A two-headed ogre (D:8)
  The ghost of TheNamelessOne the Insei, an amateur OpTm (D:4)
  A wyvern (D:5)
  Menkaure (D:4)
  An ice beast (D:6)
  A sky beast (D:7)
  A phantom (D:11)
  4 bullfrogs
  A crimson imp (D:6)
  A quasit (D:7)
  4 hounds
  A gnoll shaman (D:7)
  An orc priest (D:6)
  5 orc wizards
  A bullfrog skeleton (D:4)
  An iguana (D:5)
  5 worker ants
  A hound zombie (D:7)
  A hound skeleton (D:11)
  16 gnolls
  A howler monkey skeleton (D:6)
  6 adders
  A shadow imp (D:6)
  An adder zombie (D:6)
  7 worms
  A dart slug (D:1)
  4 leopard geckos
  22 orcs
  5 giant cockroaches
  8 goblins
  10 hobgoblins
  11 jackals (D:2)
  6 kobolds
  6 quokkas
  2 ball pythons
  A ball python zombie (D:6)
  3 bats
  5 frilled lizards
  10 rats
159 creatures vanquished.

Notes
Turn   | Place    | Note
-------+----------+-------------------------------------------
     0 | D:1      | Gildeon the Demigod Fire Elementalist began the quest for the Orb.
     0 | D:1      | Reached XP level 1. HP: 14/14 MP: 5/5
    36 | D:1      | Reached skill level 1 in Conjurations
   178 | D:1      | Reached XP level 2. HP: 20/20 MP: 5/7
   183 | D:1      | Learned a level 2 spell: Throw Flame
   561 | D:1      | Reached XP level 3. HP: 26/26 MP: 5/9
   609 | D:1      | Learned a level 3 spell: Conjure Flame
  1384 | D:2      | Found a blossoming altar of Fedhas.
  1499 | D:2      | Found an ornate altar of the Wu Jian Council.
  1595 | D:2      | Found a stormy altar of Qazlal.
  1598 | D:2      | Reached XP level 4. HP: 33/33 MP: 7/10
  1776 | D:2      | Found a deep blue altar of Sif Muna.
  1787 | D:2      | Found a shadowy altar of Dithmenos.
  1920 | D:3      | Found an iron altar of Okawaru.
  2138 | D:3      | Reached XP level 5. HP: 19/38 MP: 1/12
  2143 | D:3      | Learned a level 3 spell: Inner Flame
  2241 | D:3      | Found a transporter.
  2245 | D:3      | Found a transporter.
  2264 | D:3      | Found a hide-covered altar of Uskayaw.
  2299 | D:3      | Found a sparkling altar of Nemelex Xobeh.
  2626 | D:4      | Noticed TheNamelessOne's ghost (amateur OpTm)
  2916 | D:4      | Learned a level 1 spell: Sandblast
  3090 | D:4      | Reached XP level 6. HP: 40/45 MP: 9/14
  3176 | D:4      | Noticed Menkaure
  3217 | D:4      | Killed Menkaure
  3275 | D:4      | Learned a level 2 spell: Passwall
  3423 | D:4      | Killed TheNamelessOne's ghost
  3423 | D:4      | Reached skill level 5 in Fire Magic
  3423 | D:4      | Reached XP level 7. HP: 26/50 MP: 3/16
  3899 | D:5      | Entered Level 5 of the Dungeon
  4194 | D:5      | Found a staircase to the Ecumenical Temple.
  4241 | D:5      | Gained mutation: Scrolls take you a little longer to read. [potion of mutation]
  4241 | D:5      | Gained mutation: You are partially covered in slimy green scales. (AC +2) [potion of mutation]
  4241 | D:5      | Gained mutation: You have large cloven feet. [potion of mutation]
  4325 | D:5      | Noticed a wyvern
  4414 | D:5      | Found a snail-covered altar of Cheibriados.
  4793 | D:6      | Reached skill level 1 in Hexes
  5085 | D:6      | Learned a level 3 spell: Stone Arrow
  5323 | D:6      | Found a glowing silver altar of Zin.
  5479 | D:6      | Found a bloodstained altar of Trog.
  5558 | D:6      | Reached skill level 5 in Conjurations
  5833 | D:5      | Killed a wyvern
  5833 | D:5      | Reached skill level 5 in Spellcasting
  5833 | D:5      | Reached skill level 1 in Earth Magic
  5833 | D:5      | Reached XP level 8. HP: 57/57 MP: 14/19
  6072 | D:7      | Reached skill level 1 in Transmutations
  7035 | D:8      | Got a scorched ring mail
  7138 | D:8      | Found a basalt altar of Yredelemnul.
  7296 | D:8      | Identified the cursed +0 ring mail "Izxyuch" {Regen+} (You took it off an orc on level 8 of the Dungeon)
  7395 | D:8      | Found a hazy altar of Hepliaklqana.
  7440 | D:8      | Noticed a two-headed ogre
  7445 | D:8      | Killed a two-headed ogre
  7445 | D:8      | Reached XP level 9. HP: 62/62 MP: 20/20
  7487 | D:8      | You fall through a shaft for 3 floors!
  7487 | D:11     | Noticed Josephine
  7487 | D:11     | Noticed a cyclops
  7487 | D:11     | Noticed a manticore
  7492 | D:11     | Found Seammiv's Food Shop.
  7526 | D:11     | Reached skill level 5 in Hexes
  7528 | D:11     | Noticed a red ugly thing
  7539 | D:10     | Entered Level 10 of the Dungeon
  7540 | D:10     | HP: 2/62 [purple ugly thing (17)]
  7541 | D:10     | Slain by a purple ugly thing

Vault maps used:
D:1:      lightli_arrival_lavapool
D:2:      nicolae_overflow_hidden_temple, grunt_temple_overflow_cloverleaf
D:3:      gammafunk_temple_overflow_arena, okawaru_metal_pillars_1_2,
          lemuel_round_altar, hex_medium
D:4:      first_ration, uniq_menkaure
D:5:      kennysheep_mini_moat, minmay_temple_entry_junction,
          minmay_crystal_room
D:6:      lemuel_coloured_pillars_altar, bloody_trog
D:8:      due_megacathedral, kennysheep_mini, yredelemnul_altar_generic,
          serial_shops, shop
D:10:     the_bakery, evilmike_butchery
D:11:     serial_shops, shop, uniq_josephine

Skill      XL: |  1  2  3  4  5  6  7  8  9 |
---------------+----------------------------+-----
Conjurations   | 1 2 3 4 5 |  5.0
Spellcasting   | 2 3 4 5 |  5.1
Fire Magic     | 3 4 5 |  5.0
Hexes          | 3 4 5 |  5.0
Earth Magic    | 1 4 |  4.1
Transmutations | 3 |  3.7
Dodging        | |  1.7
Stealth        | |  1.7

Action                   |  1- 3 |  4- 6 |  7- 9 || total
-------------------------+-------+-------+-------++-------
Melee: Unarmed           |     1 |       |       ||     1
       Short sword       |     4 |    10 |    27 ||    41
       Dagger            |     4 |       |       ||     4
       Kick              |       |       |     8 ||     8
       Staff             |       |       |     1 ||     1
 Fire: Hunting sling     |     8 |       |       ||     8
Throw: Throwing net      |       |       |     1 ||     1
 Cast: Flame Tongue      |    85 |   116 |   175 ||   376
       Throw Flame       |       |     4 |       ||     4
       Sandblast         |       |       |    21 ||    21
Evoke: Wand              |       |       |     4 ||     4
  Use: Scroll            |     3 |     6 |     8 ||    17
       Potion            |       |     1 |     2 ||     3
 Stab: Sleeping          |     3 |     1 |       ||     4
  Eat: Chunk             |     2 |     6 |     9 ||    17
       Ration            |       |       |     1 ||     1
Armor: Robe              |     5 |    13 |    83 ||   101
Dodge: Dodged            |    24 |    42 |   113 ||   179

Table legend:
 A = Spawn XP
 B = Non-spawn XP
 C = Spawn XP percentage of total XP
 D = Spawn monster count
 E = Non-spawn monster count
 F = Spawn count percentage of total count
 G = Total turns spent on level
                    A         B        C        D         E        F      G
               +---------+---------+-------+---------+---------+-------+---------
         Total |       0 |    3649 |   0.0 |       0 |     159 |   0.0 |  7541
               +---------+---------+-------+---------+---------+-------+---------
           D:1 |       0 |      62 |   0.0 |       0 |      30 |   0.0 |   908
           D:2 |       0 |      82 |   0.0 |       0 |      29 |   0.0 |   898
           D:3 |       0 |     101 |   0.0 |       0 |      17 |   0.0 |   750
           D:4 |       0 |     694 |   0.0 |       0 |      22 |   0.0 |  1343
           D:5 |       0 |     269 |   0.0 |       0 |       4 |   0.0 |   750
           D:6 |       0 |     671 |   0.0 |       0 |      23 |   0.0 |  1222
           D:7 |       0 |     408 |   0.0 |       0 |      19 |   0.0 |  1112
           D:8 |       0 |    1183 |   0.0 |       0 |      12 |   0.0 |   504
          D:11 |       0 |     179 |   0.0 |       0 |       3 |   0.0 |    52
               +---------+---------+-------+---------+---------+-------+---------
